NCAA
MIAMI HURRICANES @ CALIFORNIA GOLDEN BEARS
05/16/2025
 
TOP OF THE 1ST
Miami Hurricanes batting - Pitching for California Golden Bears : RHP Juan Bonilla
Pitching: RHP Juan Bonilla
Batting: LHB Elvin Summers 0-0: Ball
1-0: Ground out U3 (Groundball, 3L)
Batting: RHB Rob Brown 0-0: SINGLE (Groundball, 5L)
Batting: SHB Will Davis 0-0: Called Strike
0-1: Ball
1-1: Ball
2-1: Foul Ball, location: 2F
2-2: Fielders Choice at 2nd, 3-6 (Groundball, 3)
Batting: LHB Earl Wigfall 0-0: Ball
Will Davis is caught stealing 2nd base
Top of the 1st over - 0 run(s), 1 hit(s), 0 error(s), 0 left on base; Miami 0 - California 0
BOTTOM OF THE 1ST
California Golden Bears batting - Pitching for Miami Hurricanes : RHP Paul Jackson
Pitching: RHP Paul Jackson
Batting: LHB Kelsey Scott 0-0: Foul Ball, location: 2F
0-1: Ball
1-1: Ball
2-1: Ground out 1-3 (Groundball, 15)
Batting: RHB Robin Dobson 0-0: Called Strike
0-1: Ball
1-1: Ball
2-1: DOUBLE (Line Drive, 3D)
Batting: RHB Marv Shepard 0-0: Ball
1-0: Ball
2-0: Ball
3-0: Base on Balls
Batting: LHB Robbie Evison 0-0: Ball
1-0: Called Strike
1-1: Foul Ball, location: 2F
1-2: Ball
Wild Pitch!
Robin Dobson to third
Marv Shepard to second
2-2: Foul Ball, location: 2F
2-2: Fly out, F2 (Popup, 2RF)
Batting: SHB Darrel Lang 0-0: Ball
1-0: Foul Ball, location: 2F
1-1: Ball
2-1: Foul Ball, location: 2F
2-2: Ball
3-2: SINGLE (Groundball, 34S) (infield hit)
Robin Dobson scores
Marv Shepard to third
Batting: RHB Brandon Martin 0-0: Ball
1-0: Ball
2-0: Ball
3-0: Called Strike
3-1: Swinging Strike
3-2: Strikes out swinging
Bottom of the 1st over - 1 run(s), 2 hit(s), 0 error(s), 2 left on base; Miami 0 - California 1
TOP OF THE 2ND
Miami Hurricanes batting - Pitching for California Golden Bears : RHP Juan Bonilla
Batting: LHB Earl Wigfall 0-0: Foul Ball, location: 2F
0-1: Ball
1-1: Ball
2-1: Ball
3-1: Base on Balls
Batting: LHB Andrew Holt 0-0: Ball
1-0: Foul Ball, location: 2F
1-1: Called Strike
1-2: Ball
2-2: 2-RUN HOME RUN (Flyball, 89XD), Distance : 389 ft
Batting: RHB Rodrigo García 0-0: Ball
1-0: Called Strike
1-1: Swinging Strike
1-2: Foul Ball, location: 2F
1-2: Fly out, F9 (Flyball, 9M)
Batting: RHB Craig Griffith 0-0: Ball
1-0: Called Strike
1-1: Ball
2-1: Foul Ball, location: 2F
2-2: Hit by Pitch
Batting: RHB Aaron Corbett 0-0: Fly out, F9 (Flyball, 9M)
Batting: RHB Vincent Hancock 0-0: Called Strike
0-1: Ball
1-1: Swinging Strike
1-2: Ball
2-2: Ground out 6-3 (Groundball, 56)
Top of the 2nd over - 2 run(s), 1 hit(s), 0 error(s), 1 left on base; Miami 2 - California 1
BOTTOM OF THE 2ND
California Golden Bears batting - Pitching for Miami Hurricanes : RHP Paul Jackson
Batting: RHB Francis Land 0-0: Foul Ball, location: 2F
0-1: Ball
1-1: Ball
2-1: Ball
3-1: Base on Balls
Batting: LHB Ken Wheeler 0-0: Ball
1-0: Called Strike
1-1: Called Strike
1-2: Ball
2-2: Ball
3-2: Grounds into double play, 6-4-3 (Groundball, 56)
Batting: LHB Ryan Rheaume 0-0: Called Strike
0-1: Ground out 6-3 (Groundball, 6M)
Bottom of the 2nd over - 0 run(s), 0 hit(s), 0 error(s), 0 left on base; Miami 2 - California 1
TOP OF THE 3RD
Miami Hurricanes batting - Pitching for California Golden Bears : RHP Juan Bonilla
Batting: LHB Elvin Summers 0-0: Ball
1-0: Fly out, F9 (Flyball, 89M)
Batting: RHB Rob Brown 0-0: SOLO HOME RUN (Flyball, 7LD), Distance : 315 ft
Batting: SHB Will Davis 0-0: Ball
1-0: Ground out 3-1 (Groundball, 3)
Batting: LHB Earl Wigfall 0-0: Called Strike
0-1: Fly out, F7 (Line Drive, 78M)
Top of the 3rd over - 1 run(s), 1 hit(s), 0 error(s), 0 left on base; Miami 3 - California 1
BOTTOM OF THE 3RD
California Golden Bears batting - Pitching for Miami Hurricanes : RHP Paul Jackson
Batting: LHB Kelsey Scott 0-0: Ball
1-0: Swinging Strike
1-1: Called Strike
1-2: Ball
2-2: Strikes out swinging
Batting: RHB Robin Dobson 0-0: Ball
1-0: SINGLE (Groundball, 6MD)
Batting: RHB Marv Shepard 0-0: Called Strike
0-1: Ball
1-1: Ball
2-1: Ball
3-1: Foul Ball, location: 2F
3-2: Base on Balls
Robin Dobson to second
Batting: LHB Robbie Evison 0-0: Called Strike
0-1: Ball
1-1: Fly out, F5 (Popup, 25F)
Batting: SHB Darrel Lang 0-0: Ball
1-0: Ball
2-0: Called Strike
2-1: Ball
3-1: Fly out, F9 (Line Drive, 9M)
Bottom of the 3rd over - 0 run(s), 1 hit(s), 0 error(s), 2 left on base; Miami 3 - California 1
TOP OF THE 4TH
Miami Hurricanes batting - Pitching for California Golden Bears : RHP Juan Bonilla
Batting: LHB Andrew Holt 0-0: Ball
1-0: Called Strike
1-1: Foul Ball, location: 2F
1-2: Foul Ball, location: 2F
1-2: Foul Ball, location: 2F
1-2: Ball
2-2: Strikes out swinging
Batting: RHB Rodrigo García 0-0: Called Strike
0-1: Ball
1-1: Ball
2-1: Ball
3-1: Base on Balls
Batting: RHB Craig Griffith 0-0: Ball
1-0: Foul Ball, location: 2F
1-1: Ball
2-1: Foul Ball, location: 2F
2-2: Fly out, F7 (Flyball, 78S)
Batting: RHB Aaron Corbett 0-0: Ball
1-0: Ball
2-0: Foul Ball, location: 2F
2-1: Ball
3-1: Base on Balls
Rodrigo García to second
Batting: RHB Vincent Hancock 0-0: Fielders Choice at 2nd, 5-4 (Groundball, 56)
Top of the 4th over - 0 run(s), 0 hit(s), 0 error(s), 1 left on base; Miami 3 - California 1
BOTTOM OF THE 4TH
California Golden Bears batting - Pitching for Miami Hurricanes : RHP Paul Jackson
Batting: RHB Brandon Martin 0-0: Ball
1-0: Foul Ball, location: 2F
1-1: Swinging Strike
1-2: Strikes out looking
Batting: RHB Francis Land 0-0: SINGLE (Line Drive, 4MD)
Batting: LHB Ken Wheeler 0-0: Ball
1-0: Ball
2-0: Ball
3-0: Called Strike
3-1: Foul Ball, location: 2F
3-2: Base on Balls
Francis Land to second
Batting: LHB Ryan Rheaume 0-0: Ball
1-0: Called Strike
1-1: Fly out, F8 (Flyball, 8RS)
Batting: LHB Kelsey Scott 0-0: Called Strike
0-1: Foul Ball, location: 2F
0-2: Ball
1-2: Strikes out looking
Bottom of the 4th over - 0 run(s), 1 hit(s), 0 error(s), 2 left on base; Miami 3 - California 1
TOP OF THE 5TH
Miami Hurricanes batting - Pitching for California Golden Bears : RHP Juan Bonilla
Batting: LHB Elvin Summers 0-0: Ball
1-0: Ball
2-0: Ball
3-0: Foul Ball, location: 2F
3-1: Base on Balls
Batting: RHB Rob Brown 0-0: Called Strike
0-1: Swinging Strike
0-2: Ball
1-2: Ball
Elvin Summers steals 2nd base
2-2: Foul Ball, location: 2F
2-2: Ball
3-2: Ground out 4-3 (Groundball, 4)
Elvin Summers to third
Batting: SHB Will Davis 0-0: Ball
1-0: Ground out 1-3 (Groundball, 15)
Batting: LHB Earl Wigfall 0-0: Ball
1-0: Ball
2-0: Called Strike
2-1: Ground out U3 (Groundball, 3)
Top of the 5th over - 0 run(s), 0 hit(s), 0 error(s), 1 left on base; Miami 3 - California 1
BOTTOM OF THE 5TH
California Golden Bears batting - Pitching for Miami Hurricanes : RHP Paul Jackson
Pitching: RHP Dave Edwards
Batting: RHB Robin Dobson 0-0: Fly out, F7 (Flyball, 78M)
Batting: RHB Marv Shepard 0-0: Ball
1-0: Ball
2-0: DOUBLE (Line Drive, 3D)
Batting: LHB Robbie Evison 0-0: Ball
1-0: Ball
2-0: Fly out, F5 (Popup, 5SF)
Batting: SHB Darrel Lang 0-0: Ball
1-0: 2-RUN HOME RUN (Flyball, 9LD), Distance : 327 ft
Batting: RHB Brandon Martin 0-0: Ball
1-0: Called Strike
1-1: SINGLE (Groundball, 6M) (infield hit)
Batting: RHB Francis Land 0-0: Ball
1-0: Called Strike
1-1: Ball
2-1: Ball
3-1: Foul Ball, location: 2F
3-2: Foul Ball, location: 2F
3-2: Foul Ball, location: 2F
3-2: Base on Balls
Brandon Martin to second
Batting: LHB Ken Wheeler 0-0: DOUBLE (Line Drive, 89M)
Brandon Martin scores
Francis Land to third
Runner from 3rd tries for Home, throw and OUT!
Bottom of the 5th over - 3 run(s), 4 hit(s), 0 error(s), 1 left on base; Miami 3 - California 4
TOP OF THE 6TH
Miami Hurricanes batting - Pitching for California Golden Bears : RHP Juan Bonilla
Pitching: RHP Chris Keats
Batting: LHB Andrew Holt 0-0: Ball
1-0: Foul Ball, location: 2F
1-1: Foul Ball, location: 2F
1-2: Strikes out swinging
Batting: RHB Rodrigo García 0-0: Ball
1-0: Swinging Strike
1-1: Ball
2-1: Fly out, F7 (Flyball, 78M)
Batting: RHB Craig Griffith 0-0: Ball
1-0: Foul Ball, location: 2F
1-1: Foul Ball, location: 2F
1-2: Foul Ball, location: 2F
1-2: Fly out, F9 (Flyball, 9S)
Top of the 6th over - 0 run(s), 0 hit(s), 0 error(s), 0 left on base; Miami 3 - California 4
BOTTOM OF THE 6TH
California Golden Bears batting - Pitching for Miami Hurricanes : RHP Dave Edwards
Pitching: RHP Jeff Parker
Batting: LHB Ryan Rheaume 0-0: Ball
1-0: Swinging Strike
1-1: Ball
2-1: Ball
3-1: Base on Balls
Batting: LHB Kelsey Scott 0-0: Ball
1-0: Ball
2-0: SINGLE (Flyball, 78S)
Ryan Rheaume to second
Batting: RHB Robin Dobson 0-0: Called Strike
0-1: SINGLE (Flyball, 78S)
Ryan Rheaume to third
Kelsey Scott to second
Batting: RHB Marv Shepard 0-0: Ball
1-0: Ball
2-0: Ball
3-0: Called Strike
3-1: DOUBLE (Groundball, 3L)
Ryan Rheaume scores
Kelsey Scott scores
Robin Dobson to third
Batting: LHB Robbie Evison 0-0: Intentional Walk
Batting: SHB Darrel Lang 0-0: Called Strike
0-1: Swinging Strike
0-2: Strikes out looking
Batting: RHB Brandon Martin 0-0: Ball
1-0: DOUBLE (Line Drive, 5D)
Robin Dobson scores
Marv Shepard scores
Robbie Evison to third
Pitching: RHP Billy Davis
Batting: RHB Francis Land 0-0: Foul Ball, location: 2F
0-1: Swinging Strike
0-2: Foul Ball, location: 2F
0-2: Ball
1-2: SINGLE (Groundball, 4D)
Robbie Evison scores
Brandon Martin to third
Batting: LHB Ken Wheeler 0-0: Called Strike
0-1: Fielders Choice at 2nd, 3-6 (Groundball, 3)
Brandon Martin scores
Batting: LHB Ryan Rheaume 0-0: Called Strike
0-1: Fly out, F8 (Popup, 6MD)
Bottom of the 6th over - 6 run(s), 5 hit(s), 0 error(s), 1 left on base; Miami 3 - California 10
TOP OF THE 7TH
Miami Hurricanes batting - Pitching for California Golden Bears : RHP Chris Keats
Batting: RHB Aaron Corbett 0-0: Called Strike
0-1: Foul Ball, location: 2F
0-2: Ball
1-2: Fly out, F8 (Flyball, 8LD)
Batting: RHB Vincent Hancock 0-0: Called Strike
0-1: Foul Ball, location: 2F
0-2: Ball
1-2: Fly out, F4 (Popup, 4D)
Batting: LHB Elvin Summers 0-0: Called Strike
0-1: Ball
1-1: Ball
2-1: SINGLE (Groundball, 5D)
Batting: RHB Rob Brown 0-0: Ball
1-0: Called Strike
1-1: Swinging Strike
1-2: Ball
2-2: Ball
3-2: Strikes out swinging
Top of the 7th over - 0 run(s), 1 hit(s), 0 error(s), 1 left on base; Miami 3 - California 10
BOTTOM OF THE 7TH
California Golden Bears batting - Pitching for Miami Hurricanes : RHP Billy Davis
Batting: LHB Kelsey Scott 0-0: Ball
1-0: Called Strike
1-1: Called Strike
1-2: Ball
2-2: Ball
3-2: Strikes out swinging
Batting: RHB Robin Dobson 0-0: Foul Ball, location: 2F
0-1: Foul Ball, location: 2F
0-2: Ball
1-2: Ball
2-2: Foul Ball, location: 2F
2-2: Strikes out looking
Batting: RHB Marv Shepard 0-0: Swinging Strike
0-1: Ball
1-1: Called Strike
1-2: Foul Ball, location: 2F
1-2: Ball
2-2: Ball
3-2: Strikes out swinging
Bottom of the 7th over - 0 run(s), 0 hit(s), 0 error(s), 0 left on base; Miami 3 - California 10
TOP OF THE 8TH
Miami Hurricanes batting - Pitching for California Golden Bears : RHP Chris Keats
Pitching: LHP Colton Elías
Now at SS: Ray Foster
Batting: SHB Will Davis 0-0: Ball
1-0: Called Strike
1-1: Called Strike
1-2: Ball
2-2: SOLO HOME RUN (Line Drive, 7D), Distance : 348 ft
Batting: LHB Earl Wigfall Single, Error in OF, E9, batter to second base
Batting: LHB Andrew Holt 0-0: Ball
1-0: Fly out, F7 (Flyball, 7M)
Batting: RHB Rodrigo García 0-0: Ball
1-0: Called Strike
1-1: Swinging Strike
1-2: Foul Ball, location: 2F
1-2: Foul Ball, location: 2F
1-2: Ball
2-2: Strikes out swinging
Batting: RHB Craig Griffith 0-0: Ball
1-0: Called Strike
1-1: Foul Ball, location: 2F
1-2: Strikes out swinging
Top of the 8th over - 1 run(s), 2 hit(s), 1 error(s), 1 left on base; Miami 4 - California 10
BOTTOM OF THE 8TH
California Golden Bears batting - Pitching for Miami Hurricanes : RHP Billy Davis
Batting: LHB Robbie Evison 0-0: Ball
1-0: Ball
2-0: DOUBLE (Flyball, 7D)
Batting: SHB Darrel Lang 0-0: Ball
1-0: 2-RUN HOME RUN (Flyball, 78XD), Distance : 388 ft
Batting: RHB Brandon Martin 0-0: Foul Ball, location: 2F
0-1: Ground out 5-3 (Groundball, 5)
Pitching: RHP Gordon Smith
Batting: RHB Francis Land 0-0: Swinging Strike
0-1: Ball
1-1: Called Strike
1-2: Ball
2-2: Ball
3-2: Base on Balls
Batting: LHB Ken Wheeler 0-0: Ball
1-0: Ball
2-0: SINGLE (Flyball, 8LS)
Francis Land to second
Runner from 2nd tries for 3rd, SAFE, throw made to third
Batting: LHB Ryan Rheaume 0-0: Ball
1-0: Called Strike
1-1: Swinging Strike
1-2: Strikes out looking
Batting: RHB Ray Foster 0-0: Called Strike
0-1: Ball
1-1: Fly out, F8 (Flyball, 8RM)
Bottom of the 8th over - 2 run(s), 3 hit(s), 0 error(s), 2 left on base; Miami 4 - California 12
TOP OF THE 9TH
Miami Hurricanes batting - Pitching for California Golden Bears : LHP Colton Elías
Batting: RHB Aaron Corbett 0-0: Ball
1-0: Ball
2-0: SOLO HOME RUN (Flyball, 78XD), Distance : 377 ft
Batting: RHB Vincent Hancock 0-0: Ball
1-0: Ball
2-0: Ground out 5-3 (Groundball, 56)
Batting: LHB Elvin Summers 0-0: Ball
1-0: Called Strike
1-1: Ball
2-1: Reached on error, E3 (Groundball, 3S)
Batting: RHB Rob Brown 0-0: Foul Ball, location: 2F
0-1: Swinging Strike
0-2: Strikes out swinging
Batting: SHB Will Davis 0-0: Called Strike
0-1: Fly out, F7 (Flyball, 7M)
Top of the 9th over - 1 run(s), 1 hit(s), 1 error(s), 1 left on base; Miami 5 - California 12
This league is powered by Out of the Park Baseball, the baseball management simulation game for PC, Mac and Linux
Tuesday, August 2nd, 2016 - OOTP Baseball 16.8 Build 38